 Dungeon Crawl Stone Soup version 0.29.1-1-gd02db6906a (webtiles) character file.

Game seed: 9070323867140968134

479 Descartes the Ducker (level 6, -9/28 HPs)
             Began as a Felid Transmuter on Sept 23, 2022.
             Mangled by an ogre
             ... wielding a +0 giant club
              (37 damage)
             ... on level 5 of the Dungeon.
             The game lasted 00:10:05 (7391 turns).

Descartes the Ducker (Felid Transmuter)             Turns: 7391, Time: 00:10:05

Health: -9/28      AC:  2    Str:  8    XL:     6   Next: 86%
Magic:  12/12      EV: 20    Int: 21    God:
Gold:   254        SH:  0    Dex: 16    Spells: 8/11 levels left
                                        Lives:  0   Deaths: 2

rFire   . . .      SeeInvis +     - Unarmed
rCold   . . .      Faith    .   (shield unavailable)
rNeg    + . .      Spirit   .   (body armour unavailable)
rPois   .          Reflect  .   (helmet unavailable)
rElec   .          Harm     .   (cloak unavailable)
rCorr   .          Rampage  .   (gloves unavailable)
Will    .....                   (boots unavailable)
Stlth   +++.......              o - amulet of magic regeneration
HPRegen 0.09/turn               e - +6 ring of intelligence
MPRegen 0.53/turn               j - ring of positive energy

@: appendages, quick
A: horns 2, very small, claws 1, fangs 3, see invisible, speed 1, shaggy fur 2,
stealthy paws, no weapons or thrown items, no armour, multi-lived
a: End Transformation


You were on level 5 of the Dungeon.
You had temporarily grown beastly horns.
You visited 1 branch of the dungeon, and saw 5 of its levels.

You collected 254 gold pieces.

Inventory:

Missiles
 b - 66 stones
Jewellery
 e - a +6 ring of intelligence (left paw)
 j - a ring of positive energy (right paw)
 n - a ring of fire
 o - an amulet of magic regeneration (around neck)
Wands
 a - a wand of charming (7)
 w - a wand of mindburst (15)
Scrolls
 c - 2 scrolls of enchant armour
 h - a scroll of noise {unknown}
 l - a scroll of teleportation {unknown}
 m - a scroll of acquirement {unknown}
 p - a scroll of vulnerability {unknown}
 q - 2 scrolls of amnesia {unknown}
 s - a scroll of fog {unknown}
 t - 3 scrolls of immolation
 u - 2 scrolls of magic mapping
 v - 2 scrolls of poison
 x - a scroll of torment {unknown}
Potions
 d - 2 potions of might
 f - a potion of berserk rage {unknown}
 g - a potion of degeneration {unknown}
 i - 2 potions of cancellation {unknown}
 k - 3 potions of curing {unknown}
 r - a potion of ambrosia {unknown}
 z - a potion of mutation {unknown}


   Skills:
 + Level 3.1 Fighting
 * Level 6.2 Dodging
 * Level 6.0 Stealth
 * Level 5.2 Unarmed Combat
 + Level 3.3 Spellcasting
 + Level 3.5 Translocations
 + Level 4.0 Transmutations


You had 8 spell levels left.
You knew the following spells:

 Your Spells              Type           Power      Damage    Failure   Level
a - Beastly Appendage     Tmut           40%        N/A       2%          1
b - Blink                 Tloc           36%        N/A       4%          2

Your spell library contained the following spells:

 Spells                   Type           Power      Damage    Failure   Level
 Wereblood                Tmut           20%        N/A       3%          2
 Lesser Beckoning         Tloc           18%        N/A       9%          3
 Spider Form              Tmut/Pois      11%        N/A       17%         3
 Ice Form                 Ice/Tmut       11%        N/A       50%         4
 Manifold Assault         Tloc           18%        N/A       63%         5


Dungeon Overview and Level Annotations

Branches:
Dungeon (5/15)
 Temple: D:4-7

Altars:
Okawaru
Trog
Uskayaw
Wu Jian

Shops:
D:3 *

Annotations:
D:4 Grinder


Innate Abilities, Weirdness & Mutations

You have temporarily grown beastly horns.
You have sharp claws.
You have razor-sharp teeth.
You have supernaturally acute eyesight. (SInv)
You cover ground quickly. (Speed+)
You are covered in thick fur. (AC +2)
Your paws help you pounce on unaware monsters.
You are incapable of wielding weapons or throwing items.
You cannot wear armour.
You gain extra lives every three experience levels.


Message History

i - 2 cyan potions (gained 1)
You now have 254 gold pieces (gained 7).
b - 66 stones (gained 3)
q - 2 scrolls labelled OPIMOQ OVOLE (gained 1)
You open the door.
There is an open door here.
A white imp comes into view.
Found 2 javelins.
Casting: Beastly Appendage (safe; 2% risk of failure)
Confirm with . or Enter, or press ? or * to list all spells.
You grow a pair of large bovine horns.
The helpless white imp fails to defend itself.
You mangle the white imp!!
You kill the white imp!
No target in view!
Magic restored.
You see here 2 javelins.
Your transformation is almost over.
Your horns disappear.
z - a metallic grey potion
Casting: Beastly Appendage (safe; 2% risk of failure)
Confirm with . or Enter, or press ? or * to list all spells.
You grow a pair of large bovine horns.
The ogre shouts!
The ogre closely misses you.
You scratch the ogre.
The ogre is lightly wounded.
You scratch the ogre but do no damage.
The ogre is lightly wounded.
The ogre closely misses you.
You claw the ogre!
The ogre is heavily wounded.
The ogre barely misses you.
You scratch the ogre but do no damage.
The ogre is heavily wounded.
You scratch the ogre. You headbutt the ogre!
The ogre is almost dead.
The ogre hits you with a +0 giant club!!!
Ouch! That really hurt!
You die...

... ..##..######o..##
##.##...............#
.............###.#.#
#.#.#.##....###.#.###
#####...##.#...........###.#
....>....†O....##.....>....#
###.##.###.##...#....>.#####
#.##.# #......O......###
#.##.# .###!.@..[.$...#
#.##.# .# #...........#
#...?# .###...........#
#.####
.##..).......######### #.#
.##....##.).......... # #.#
#.#.###..)[..#...## # #.#.#
###...###...### # #.#.#
#............. # ##.#.#
#..#.).).#..#


You could see an ogre.

Vanquished Creatures
  Pikel (D:3)
  An ogre (D:5)
  A necrophage (D:4)
  2 scorpions (D:5)
  2 hounds
  2 jellies (D:5)
  2 iguanas (D:5)
  Ijyb (D:3)
  2 orc wizards
  9 adders
  A white imp (D:5)
  An ufetubus (D:4)
  2 worms (D:2)
  3 dart slugs
  8 orcs
  4 endoplasms
  8 giant cockroaches
  10 goblins
  4 hobgoblins
  7 kobolds
  8 quokkas
  9 ball pythons
  4 bats
  5 frilled lizards
  14 rats
111 creatures vanquished.

Vanquished Creatures (others)
  3 plants (D:1)
  3 withered plants (D:1)
6 creatures vanquished.

Grand Total: 117 creatures vanquished

Notes
Turn   | Place    | Note
-------+----------+-------------------------------------------
     0 | D:1      | Descartes the Felid Transmuter began the quest for the Orb.
     0 | D:1      | Reached XP level 1. HP: 9/9 MP: 4/4
   215 | D:1      | You fall into a shaft and drop 1 floor!
   240 | D:2      | Reached skill level 1 in Stealth
   240 | D:2      | Reached XP level 2. HP: 12/12 MP: 4/6
   744 | D:2      | Reached XP level 3. HP: 15/15 MP: 5/7
  1630 | D:1      | Reached XP level 4. HP: 18/19 MP: 8/8
  1866 | D:1      | Found a faded altar of an unknown god.
  3127 | D:3      | Learned a level 2 spell: Blink
  3382 | D:3      | Noticed Ijyb
  3400 | D:3      | Killed Ijyb
  3813 | D:3      | Found Elyabown's Assorted Antiques.
  3974 | D:4      | Reached XP level 5. HP: 22/22 MP: 9/9
  4106 | D:4      | Found a hide-covered altar of Uskayaw.
  4369 | D:4      | Noticed a lemure
  4372 | D:4      | Noticed Grinder
  4373 | D:4      | Noticed Pikel
  4374 | D:4      | Noticed a lemure
  4377 | D:4      | Noticed a lemure
  4378 | D:4      | Noticed a lemure
  4525 | D:3      | Killed Pikel
  4526 | D:3      | Reached skill level 5 in Dodging
  4526 | D:3      | Gained mutation: You are covered in thick fur. (AC +2)
                  | [Felid growth]
  4526 | D:3      | Reached XP level 6. HP: 22/27 MP: 9/11
  4526 | D:3      | Reached XP level 7. HP: 25/30 MP: 9/12
  4963 | D:4      | Found a bloodstained altar of Trog.
  5193 | D:5      | Entered Level 5 of the Dungeon
  5212 | D:5      | Found an iron altar of Okawaru.
  5248 | D:4      | Reached skill level 5 in Stealth
  5251 | D:4      | Paralysed by Grinder for 3 turns
  5254 | D:4      | Slain by Grinder
  5255 | D:4      | Reached XP level 6. HP: -1/27 MP: 11/11
  5497 | D:5      | Found an ornate altar of the Wu Jian Council.
  5584 | D:5      | Reached XP level 7. HP: 18/30 MP: 12/12
  6242 | D:5      | HP: 1/30 [acid (2)]
  6589 | D:4      | Reached skill level 5 in Unarmed Combat
  7129 | D:5      | Slain by an ogre
  7130 | D:5      | Reached XP level 6. HP: -3/27 MP: 11/11
  7391 | D:5      | Mangled by an ogre

Illustrated notes

Levels and vault maps discovered:
D:1:      dpeg_arrival_prison, layout_basic,
          shapermc_ecumenical_altar_flowoftime
D:2:      layout_basic, serial_forest, infiniplex_forest_lined_ring,
          infiniplex_forest_lined_corner, infiniplex_forest_clump_long,
          infiniplex_forest_end_1, infiniplex_forest_clump_double,
          infiniplex_forest_lined_room_
D:3:      layout_basic, serial_shops, nicolae_lakefront_shop,
          chequers_serial_rivers_small_3, uniq_ijyb
D:4:      layout_basic, mainiacjoe_overflow_boulevard, trog_book, uniq_grinder,
          uniq_pikel
D:5:      layout_loops_ring, okawaru_ov_weapons_minmay,
          nicolae_wu_jian_wuxing_cycle, kennysheep_diamond, st_stairs_7,
          chequers_avenue, uniq_edmund

Skill      XL: |  1  2  3  4  5  6  7 |
---------------+----------------------+-----
Dodging        | 3 5 6 |  6.2
Stealth        | 1 2 3 4 6 5 |  6.0
Fighting       | 2 3 |  3.1
Unarmed Combat | 4 5 |  5.2
Translocations | 2 3 |  3.5
Transmutations | 3 4 |  4.0
Spellcasting   | 3 |  3.3

Action                   |  1- 3 |  4- 6 |  7- 9 || total
-------------------------+-------+-------+-------++-------
Melee: Unarmed           |   106 |   155 |    88 ||   349
       Headbutt          |    19 |    44 |    25 ||    88
       Bite              |    13 |    21 |     7 ||    41
       Punch             |     2 |     6 |     5 ||    13
 Cast: Beastly Appendage |    28 |    39 |    20 ||    87
  Use: Potion            |       |     2 |       ||     2
       Scroll            |       |       |     4 ||     4
 Stab: Sleeping          |     2 |     9 |     2 ||    13
Armor: Skin              |    10 |    12 |     3 ||    25
Dodge: Dodged            |    82 |    90 |    73 ||   245
